 Dungeon Crawl Stone Soup version 0.19-a0-1740-g0bcaf2e (webtiles) character file.

6603 Amnesiac the Thaumaturge (level 10, -1/50 HPs)
             Began as a Deep Elf Earth Elementalist on Oct 2, 2016.
             Was an Initiate of Gozag.
             Slain by a killer bee (8 damage)
             ... on level 9 of the Dungeon.
             The game lasted 00:24:36 (10430 turns).

Amnesiac the Thaumaturge (DEEE)                    Turns: 10430, Time: 00:24:37

Health: -1/50      AC:  6    Str:  3 (5)  XL:     10   Next: 71%
Magic:  25/28      EV: 13    Int: 20 (21) God:    Gozag
Gold:   1540       SH:  0    Dex: 18      Spells: 8 memorised, 17 levels left

rFire  . . .     SeeInvis .     y - +1 dagger (venom)
rCold  . . .     Gourm    .     c - +0 robe
rNeg   . . .     Faith    .     (no shield)
rPois  .         Spirit   .     C - +0 helmet
rElec  .         Dismiss  .     (no cloak)
rCorr  +         Reflect  .     l - +2 pair of gloves
MR     +....     Harm     .     (no boots)
Stlth  ++++......               (no amulet)
                                (no ring)
                                a - ring of resist corrosion

@: gold aura
A: no striking features
a: Potion Petition, Call Merchant, Bribe Branch, Renounce Religion


You were on level 9 of the Dungeon.
You worshipped Gozag.
Gozag was most pleased with you.
You were not hungry.

You visited 2 branches of the dungeon, and saw 10 of its levels.

You collected 1638 gold pieces.
You paid 98 gold pieces to Gozag.

Inventory:

Hand Weapons
 y - a +1 dagger of venom (weapon)
 D - a +3 short sword of draining
 F - a +2 dagger of protection
Missiles
 z - 191 stones (quivered)
 K - a throwing net
Armour
 c - a +0 robe (worn)
 l - a +2 pair of gloves (worn)
 C - a +0 helmet (worn)
Jewellery
 a - a ring of resist corrosion (left hand)
 k - an uncursed amulet of regeneration {unknown}
Wands
 b - a wand of acid (4/15)
 r - a wand of random effects (29/48)
 I - a wand of digging (24/24)
Scrolls
 h - 5 scrolls of remove curse
 i - a scroll of fear
 p - a scroll of enchant armour
 q - a scroll of blinking
 t - 2 scrolls of fog
 u - 3 scrolls of teleportation
 w - 2 scrolls of recharging
 B - 2 scrolls of magic mapping
 G - 2 scrolls of amnesia
 L - a scroll of enchant weapon
Potions
 f - 2 potions of agility
 j - 2 potions of flight
 A - a potion of curing
 E - 2 potions of might
 H - 3 potions of brilliance
 M - a potion of haste
 N - a potion of magic
Books
 e - a book of Geomancy

   Spells                             Type                      Level
   a - Sandblast                      Earth                        1
   b - Passwall                       Transmutation/Earth          2
   c - Stone Arrow                    Conjuration/Earth            3
   d - Petrify                        Transmutation/Earth          4
   e - Lee's Rapid Deconstruction     Earth                        5
 m - a book of Callings

   Spells                             Type                      Level
   a - Summon Small Mammal            Summoning                    1
   b - Call Imp                       Summoning                    2
   c - Call Canine Familiar           Summoning                    3
   d - Summon Guardian Golem          Hexes/Summoning              3
   e - Summon Lightning Spire         Summoning/Air                4
   f - Summon Ice Beast               Ice/Summoning                4
 n - a book of Maledictions

   Spells                             Type                      Level
   a - Corona                         Hexes                        1
   b - Ensorcelled Hibernation        Hexes/Ice                    2
   c - Confuse                        Hexes                        3
   d - Tukima's Dance                 Hexes                        3
   e - Dazzling Spray                 Conjuration/Hexes            3
 s - a book of Cantrips

   Spells                             Type                      Level
   a - Confusing Touch                Hexes                        1
   b - Animate Skeleton               Necromancy                   1
   c - Summon Small Mammal            Summoning                    1
   d - Apportation                    Translocation                1
 x - Sif Muna's Volume of Heat
   (You found it on level 9 of the Dungeon)

   Spells                             Type                      Level
   a - Flame Tongue                   Conjuration/Fire             1
Comestibles
 d - 8 bread rations
 g - a royal jelly
 o - a meat ration
 J - 3 beef jerkies


   Skills:
 - Level 6.0 Short Blades
 - Level 2.4 Dodging
 - Level 8.1 Stealth
 - Level 12.1 Spellcasting
 + Level 1.7 Transmutations
 - Level 11.8 Earth Magic


You had 17 spell levels left.
You knew the following spells:

 Your Spells              Type           Power        Failure   Level  Hunger
a - Lee's Rapid Deconstr  Erth           ######....   1%          5    ####...
b - Apportation           Tloc           ##........   6%          1    None
c - Confusing Touch       Hex            ##....       6%          1    None
d - Animate Skeleton      Necr           N/A          6%          1    None
e - Petrify               Tmut/Erth      #####...     4%          4    #......
f - Sandblast             Erth           ######       1%          1    None
g - Summon Small Mammal   Summ           ##..         6%          1    None
v - Passwall              Tmut/Erth      #####.....   1%          2    None


Dungeon Overview and Level Annotations

Branches:
Dungeon (9/15)             Temple (1/1) D:7
   Lair: D:8-11         Orc: D:9-12

Altars:
Ashenzari
Cheibriados
Dithmenos
Elyvilon
Fedhas
Gozag
Hepliaklqana
Kikubaaqudgha
Makhleb
Nemelex Xobeh
Okawaru
Qazlal
Ru
Sif Muna
Trog
Uskayaw
Vehumet
Xom
Yredelemnul
Zin
The Shining One

Shops:
D:4 ?   D:5 ?   D:9 [


Message History

Unknown command.
You hit the killer bee.
The killer bee is poisoned.
The killer bee is lightly wounded.
* * * LOW HITPOINT WARNING * * *
You feel sick. The killer bee stings you.
* * * LOW HITPOINT WARNING * * *
The killer bee barely misses you.
Unknown command.
You feel better. The killer bee closely misses you. The killer bee stings you.
* * * LOW HITPOINT WARNING * * *
The killer bee barely misses you. x2
Unknown command.
The killer bee misses you. The killer bee closely misses you.
Unknown command.
The killer bee barely misses you. x2
Unknown command.
You kill the killer bee!
The killer bee stings you!
You die...
Your body crumbles into a pile of gold.

.##### #.# ##'## .#...#
########'#### #.... .###.###
#...........# #....
.......####...........#######....
####.#...##...........#.....'....
...#.###.##...........#.#####....
.###.# #..'$..[.......'.# #....
.#...# ####...$.......### #....
##.### #....y@.....# ###'# .....#
########'##### #[. #...######
#.....# ##< .........# #####.#
#######' .........## #.# #.#.....
..........############'###.#.###.
..........#.............#..#...#.
..........................)###.##
.........##.............##...#...


You could see a killer bee.

Vanquished Creatures
  Prince Ribbit (D:7)
  Grinder (D:6)
  A hippogriff (D:9)
  7 yaks (D:9)
  Eustachio (D:4)
  A hungry ghost (D:9)
  3 water moccasins
  Duvessa (D:4)
  2 wasps
  A black bear (D:6)
  3 orc warriors
  An ice beast (D:6)
  A phantom (D:7)
  2 sky beasts
  3 ogres
  6 centaurs
  An elf zombie (D:9)
  5 bullfrogs
  Dowan (D:4)
  2 scorpions
  8 killer bees
  4 wights (D:8)
  A crimson imp (D:6)
  A bullfrog zombie (D:8)
  3 human zombies (D:9)
  2 quasits
  4 jellies
  3 hounds
  8 orc wizards
  5 orc priests
  A bullfrog skeleton (D:5)
  2 human skeletons (D:9)
  An iguana (D:4)
  Natasha (thrice) (D:4)
  7 worker ants
  A killer bee zombie (D:7)
  An ogre zombie (D:9)
  5 mummies (D:9)
  A worker ant zombie (D:8)
  Robin (D:4)
  A howler monkey skeleton (D:9)
  11 adders
  12 gnolls
  4 shadow imps
  2 oozes (D:7)
  2 adder skeletons (D:4)
  A worm (D:3)
  4 dart slugs
  A leopard gecko (D:7)
  35 orcs
  6 bats
  7 giant cockroaches
  18 goblins
  7 hobgoblins
  7 jackals
  8 kobolds
  4 quokkas
  3 ball pythons
  A ball python skeleton (D:4)
  10 frilled lizards
  A leopard gecko skeleton (D:7)
  A leopard gecko zombie (D:5)
  5 rats
  A plant (D:4)
258 creatures vanquished.

Notes
Turn   | Place    | Note
-------+----------+-------------------------------------------
     0 | D:1      | Amnesiac the Deep Elf Earth Elementalist began the quest for the Orb.
     0 | D:1      | Reached XP level 1. HP: 10/10 MP: 6/6
   297 | D:2      | Reached XP level 2. HP: 15/15 MP: 4/8
   500 | D:5      | Entered Level 5 of the Dungeon
   504 | D:5      | Reached skill level 4 in Spellcasting
   504 | D:5      | Reached XP level 3. HP: 19/19 MP: 6/10
   514 | D:5      | Reached XP level 4. HP: 24/24 MP: 6/12
   529 | D:5      | Learned a level 4 spell: Petrify
   533 | D:5      | Found Deczed's Magic Scroll Emporium.
   733 | D:4      | Found a hazy altar of Hepliaklqana.
   778 | D:4      | Found a shimmering altar of Xom.
   845 | D:4      | Reached skill level 5 in Earth Magic
   872 | D:5      | Learned a level 2 spell: Passwall
   874 | D:5      | Learned a level 1 spell: Apportation
   960 | D:5      | Noticed a sky beast
   973 | D:5      | Killed a sky beast
   973 | D:5      | Reached skill level 5 in Spellcasting
   973 | D:5      | Reached XP level 5. HP: 10/28 MP: 3/14
   992 | D:5      | Gained mutation: You are dopey. (Int -2) [mutagenic meat]
  1347 | D:5      | Reached XP level 6. HP: 28/32 MP: 8/16
  1718 | D:5      | Reached skill level 6 in Spellcasting
  1755 | D:5      | Learned a level 5 spell: Lee's Rapid Deconstruction
  1757 | D:5      | Learned a level 1 spell: Confusing Touch
  1759 | D:5      | Learned a level 1 spell: Animate Skeleton
  1761 | D:5      | Learned a level 1 spell: Summon Small Mammal
  1881 | D:6      | Noticed a water moccasin
  1887 | D:6      | Killed a water moccasin
  1887 | D:6      | Reached XP level 7. HP: 26/36 MP: 13/18
  2209 | D:6      | Found a sparkling altar of Nemelex Xobeh.
  2211 | D:6      | Found a sacrificial altar of Ru.
  2217 | D:6      | Found a radiant altar of Vehumet.
  2217 | D:6      | Found a glowing silver altar of Zin.
  2232 | D:6      | Found a blossoming altar of Fedhas.
  2233 | D:6      | Found a stormy altar of Qazlal.
  2302 | D:6      | Noticed Grinder
  2307 | D:6      | Reached skill level 7 in Spellcasting
  2315 | D:6      | Killed Grinder
  2337 | D:6      | Reached XP level 8. HP: 10/41 MP: 3/21
  2663 | D:6      | Found a white marble altar of Elyvilon.
  2694 | D:6      | Reached skill level 8 in Spellcasting
  3045 | D:6      | Reached skill level 10 in Earth Magic
  3373 | D:7      | Reached skill level 9 in Spellcasting
  3451 | D:7      | Reached skill level 1 in Short Blades
  3912 | D:7      | Reached XP level 9. HP: 45/45 MP: 20/24
  4229 | D:7      | Found a staircase to the Ecumenical Temple.
  4236 | Temple   | Entered the Ecumenical Temple
  4332 | Temple   | Became a worshipper of Gozag Ym Sagoz the Greedy
  4358 | D:7      | Reached skill level 5 in Short Blades
  6229 | D:3      | Found an ancient bone altar of Kikubaaqudgha.
  6634 | D:4      | Noticed Robin
  6669 | D:4      | Killed Robin
  6817 | D:4      | Found Zagoabu's Magic Scroll Boutique.
  6870 | D:4      | Noticed Natasha
  6881 | D:4      | Killed Natasha
  6922 | D:4      | Noticed Natasha
  6929 | D:4      | Killed Natasha
  6942 | D:4      | Noticed Natasha
  6983 | D:4      | Killed Natasha
  7095 | D:4      | Noticed Duvessa
  7133 | D:4      | Noticed Dowan
  7149 | D:4      | Killed Duvessa
  7162 | D:4      | Killed Dowan
  7471 | D:4      | Noticed Eustachio
  7506 | D:4      | Killed Eustachio
  7506 | D:4      | Reached skill level 5 in Stealth
  7793 | D:7      | Noticed Prince Ribbit
  7794 | D:7      | Killed Prince Ribbit
  7966 | D:7      | Found Ypiptel's General Store.
  8117 | D:7      | Found an iron altar of Okawaru.
  8421 | D:7      | Reached XP level 10. HP: 50/50 MP: 21/25
  8538 | D:8      | Reached skill level 10 in Spellcasting
  9158 | D:9      | Reached skill level 11 in Spellcasting
  9168 | D:9      | Found Qotysch's Armour Boutique.
  9777 | D:9      | Lost mutation: You are dopey. (Int -2) [potion of cure mutation]
  9797 | D:9      | Found a deep blue altar of Sif Muna.
  9829 | D:9      | Identified Sif Muna's Volume of Heat
 10035 | D:9      | Found a basalt altar of Yredelemnul.
 10319 | D:9      | Reached skill level 12 in Spellcasting
 10430 | D:9      | Slain by a killer bee

Vault maps used:
D:1:      eino_arrival_druids_welcome, minmay_hexomino_p4
D:2:      first_bread, serial_bayou_lake_a
D:3:      lemuel_coloured_pillars_altar, serial_park_tiny_2
D:4:      overflow_temple_1_default, serial_shops, shop, roderic_three_in_a_row,
          serial_bayou_pond_c, xom_teletrap_fun, uniq_duvessa, uniq_natasha,
          uniq_robin, uniq_eustachio
D:5:      serial_shops, nicolae_shop_crystal
D:6:      elyvilon_altar_3, grunt_temple_overflow_open, serial_glass,
          glass_columns_c, glass_columns_c, uniq_grinder
D:7:      okawaru_altar_gauntlet_db, serial_shops, nicolae_shop_trees,
          grunt_ogre_cave, uniq_prince_ribbit1
D:8:      erik_lair_dragon
D:9:      lemuel_mausoleum_altar_yredelemnul, serial_shops, shop, led_sif_book
Temple:   dpeg_chambers_temple

Skill      XL: |  1  2  3  4  5  6  7  8  9 10 |
---------------+-------------------------------+-----
Earth Magic    | 4 5 6 7 8 10 11 | 11.8
Spellcasting   | 4 5 6 7 9 12 | 12.1
Short Blades   | 3 6 |  6.0
Stealth        | 8 |  8.1
Dodging        | |  2.4
Transmutations | |  1.7

Action                   |  1- 3 |  4- 6 |  7- 9 | 10-12 || total
-------------------------+-------+-------+-------+-------++-------
Melee: Dagger            |       |       |   405 |   158 ||   563
Throw: Stone             |       |     2 |       |       ||     2
 Cast: Sandblast         |    20 |    64 |    68 |     4 ||   156
       Petrify           |       |       |    37 |    44 ||    81
       Lee's Rapid Decon |       |       |    12 |     6 ||    18
       Passwall          |       |       |    21 |    10 ||    31
       Summon Small Mamm |       |       |     1 |       ||     1
  Use: Scroll            |       |     7 |       |    16 ||    23
       Potion            |       |       |       |     6 ||     6
 Stab: Petrified         |       |       |    31 |    20 ||    51
       Petrifying        |       |       |    13 |    12 ||    25
       Sleeping          |       |       |    20 |    20 ||    40
       Distracted        |       |       |     1 |       ||     1
  Eat: Chunk             |       |     1 |     6 |       ||     7
       Bread ration      |       |     1 |       |       ||     1
       Pizza             |       |       |     2 |       ||     2
       Fruit             |       |       |     7 |       ||     7
       Meat ration       |       |       |     3 |       ||     3
       Royal jelly       |       |       |     1 |       ||     1
       Beef jerky        |       |       |       |     3 ||     3
Armor: Robe              |     4 |     8 |    63 |    29 ||   104
Dodge: Dodged            |     7 |    14 |   196 |    89 ||   306
